[Event "Polish University-ch Teams 2024"]
[Site "Lublin"]
[Date "2024.02.24"]
[Round "5.24"]
[White "Sloniewska, Alicja"]
[Black "Michalak, Wiktoria"]
[Result "1-0"]
[ECO "D10"]
[WhiteElo "1685"]
[BlackElo "1522"]
[Annotator "NA"]
[PlyCount "191"]
[EventDate "2024.02.22"]
[EventType "team-tourn"]
[EventCountry "POL"]
[SourceTitle "playchess.com"]
[Source "ChessBase"]
[SourceQuality "1"]
[TimeControl "900+5"]

1. d4 Nf6 2. c4 c6 3. Nc3 d5 4. cxd5 cxd5 5. Bf4 Nh5 6. Bg3 Nc6 7. e3 Nxg3 8. hxg3 Qb6 9. Qb3 Qxb3 10. axb3 e6 11. Nf3 Bd7 12. Be2 Bb4 13. O-O O-O 14. Bb5 f6 15. Rfc1 g5 16. Na4 Kg7 17. Nc5 Bxc5 18. Rxc5 h5 19. Bxc6 Bxc6 20. b4 a6 21. Nd2 Rac8 22. Rac1 Bd7 23. Rc7 Rxc7 24. Rxc7 Rf7 25. Rxb7 e5 26. dxe5 fxe5 27. Nf3 Kf6 28. Rb6+ Kf5 29. Rxa6 g4 30. Nd2 Bb5 31. Rd6 Rc7 32. Rxd5 Rc1+ 33. Kh2 Ba4 34. f4 gxf3 35. Nxf3 Bd1 36. Rxe5+ Kg6 37. Nd4 Rb1 38. b3 Kf6 39. Rd5 Rb2 40. b5 Bxb3 41. Nxb3 Rxb3 42. Rxh5 Rxe3 43. b6 Rb3 44. Rh6+ Kg5 45. Rc6 Kg4 46. Rg6+ Kf5 47. Rh6 Kg5 48. Rd6 Kg4 49. Rd4+ Kg5 50. Kh3 Rxb6 51. Rd5+ Kg6 52. g4 Rb1 53. Kg3 Rb4 54. Kh4 Rb1 55. Rd6+ Kg7 56. g5 Rg1 57. g3 Rh1+ 58. Kg4 Rf1 59. Kh5 Rh1+ 60. Kg4 Rf1 61. g6 Rg1 62. Kf4 Rf1+ 63. Kg5 Rg1 64. Rd7+ Kg8 65. g4 Rf1 66. g7 Rg1 67. Kf5 Rg2 68. g5 Rb2 69. Kg6 Rb6+ 70. Kh5 Rb1 71. Kh6 Rb6+ 72. Kh5 Rb1 73. Re7 Rc1 74. Kg6 Rc6+ 75. Kf5 Rc5+ 76. Kf4 Rc4+ 77. Kf5 Rc5+ 78. Kg6 Rc6+ 79. Kh5 Rc1 80. Rd7 Rb1 81. Rc7 Rd1 82. Kg4 Rg1+ 83. Kf5 Rb1 84. Re7 Rb5+ 85. Kg4 Rb1 86. Kh5 Rc1 87. Kg6 Rc6+ 88. Kf5 Rc1 89. Rd7 Rc5+ 90. Kf6 Rc6+ 91. Kf5 Rc5+ 92. Kg4 Rc1 93. Ra7 Rg1+ 94. Kf5 Rf1+ 95. Kg6 Rf7 96. Ra8+ 1-0

[Event "Polish University-ch Teams 2024"]
[Site "Lublin"]
[Date "2024.02.25"]
[Round "6.1"]
[White "Marczuk, Dominik"]
[Black "Janik, Igor"]
[Result "1-0"]
[ECO "A10"]
[WhiteElo "2283"]
[BlackElo "2499"]
[Annotator "TA"]
[PlyCount "139"]
[EventDate "2024.02.22"]
[EventType "team-tourn"]
[EventCountry "POL"]
[SourceTitle "playchess.com"]
[Source "ChessBase"]
[SourceQuality "1"]
[TimeControl "900+5"]

1. c4 a6 2. Nf3 b5 3. b3 Bb7 4. e3 bxc4 5. bxc4 Nf6 6. Nc3 {[%emt 0:00:02] A10: English Opening: Unusual Replies for Black.} e6 7. Rb1 $146 ({Predecessor:} 7. Be2 Be7 8. Rb1 Ra7 9. O-O O-O 10. d4 Ne4 11. Nxe4 Bxe4 12. Bd3 Bxd3 13. Qxd3 {½-½ Krivonosov,O (2449)-Klabis,R (2218) Panevezys op-A 26th 2013 (9)}) 7... Qc8 8. Be2 Nc6 9. O-O Be7 10. d4 O-O 11. a3 Nd8 12. Qd3 d6 13. e4 Nd7 14. Be3 f5 15. exf5 exf5 16. Rfe1 Nf6 17. d5 Nf7 18. Nd4 Ne5 19. Qxf5 Kh8 (19... c5 $142) 20. Qxc8 Bxc8 21. h3 Rf7 22. f4 Ng6 23. Ne6 Bf8 24. f5 Ne5 25. g4 Ne8 26. Bd4 Kg8 27. Kg2 g6 28. fxg6 Nxg6 29. Rf1 Rxf1 30. Rxf1 (30. Kxf1 $18 {Hoping for Nxf8.} Bxe6 31. dxe6) 30... Be7 (30... Bxe6 $16 31. dxe6 c5) 31. Bd3 c5 32. Be3 Ne5 33. Be2 Ng7 (33... Ra7 {is a better defense.} 34. Ng5 Rb7) 34. Nxg7 Kxg7 35. Bf4 Nf7 (35... Ng6 {was worth a try.} 36. Bg3 Rb8) 36. Rb1 $18 Ra7 37. Ne4 Bd7 (37... Rb7 {might work better.} 38. Rxb7 Bxb7) 38. Rb6 $18 Bd8 39. Rb8 Bc7 40. Rb1 Ba4 41. Bd3 h6 42. Kg3 Kf8 43. h4 Ke7 44. g5 hxg5 45. hxg5 Ra8 46. Kf2 Rg8 47. Rg1 Nh8 (47... Bd8 $142 48. Rb1 (48. g6 Ne5 $18) 48... Be8) 48. Nf6 $18 Rf8 49. Rh1 Kd8 50. Rh7 Be8 51. Kg3 Bf7 52. Rg7 Ke7 53. Nh7 Rg8 54. Rxg8 Bxg8 55. g6 Ba5 56. Bg5+ Ke8 57. Bf6 (57. Nf6+ $142 Kf8 58. Bh6+ Ke7 59. Nxg8+ Kd8 60. Bg5+ Kc7 61. g7 Nf7 62. Ne7) 57... Nxg6 $18 58. Bxg6+ Kd7 59. Ng5 Bd2 60. Bf5+ Kc7 61. Kf3 a5 62. Be7 Bc3 63. Ke4 (63. Be6 $142 Be5 64. Bxg8 Kd7 65. Bf8 Bf6 66. Be6+ Kc7 67. Nf7 Bh4 68. Bxd6+ Kb6 69. Bf4) 63... a4 64. Be6 Bxe6 65. dxe6 Bb2 66. Kd5 Bxa3 67. Bxd6+ Kd8 68. Kc6 Ke8 69. e7 ({Weaker is} 69. Bxc5 Bxc5 70. Ne4 (70. Kxc5 $2 {perishes.} a3 $19) 70... Be7 $11) 69... Bb2 70. Ne6 1-0

[Event "Polish University-ch Teams 2024"]
[Site "Lublin"]
[Date "2024.02.25"]
[Round "6.2"]
[White "Kowalski, Igor"]
[Black "Panek, Bartosz"]
[Result "1/2-1/2"]
[ECO "E01"]
[WhiteElo "2372"]
[BlackElo "2207"]
[Annotator "TA"]
[PlyCount "144"]
[EventDate "2024.02.22"]
[EventType "team-tourn"]
[EventCountry "POL"]
[SourceTitle "playchess.com"]
[Source "ChessBase"]
[SourceQuality "1"]
[TimeControl "900+5"]

1. d4 Nf6 2. c4 e6 3. Nf3 d5 4. g3 c5 5. cxd5 cxd4 6. dxe6 Bxe6 7. Qxd4 Nc6 8. Qa4 {[%emt 0:02:37] White has an edge.} a6 9. Bd2 b5 10. Qd1 Rc8 11. Bg2 Bc5 12. O-O O-O 13. Nc3 Qe7 14. Bg5 Rfd8 15. Qe1 Nd4 16. Rc1 {[%emt 0:01:28] Prevents Nc2.} Nxf3+ 17. Bxf3 h6 18. Bxf6 Qxf6 19. Ne4 Qe7 20. Nxc5 Rxc5 21. Qb4 Rdc8 22. Rxc5 Qxc5 23. Qxc5 Rxc5 $16 {[%emt 0:00:02][%mdl 4096] Endgame. KRB-KRB} 24. b3 Rc2 25. Ra1 a5 26. Kf1 a4 (26... f5 $14) 27. bxa4 (27. Be4 $16 Rc5 28. Rd1) 27... bxa4 $11 28. a3 Bb3 29. Be4 Rc5 ({Better is} 29... Rb2 $14) 30. Bd3 g6 31. Ke1 (31. h4 $16) 31... Rh5 $1 $14 32. h4 {[%emt 0:01:00] next Rc1 is good for White.} g5 $1 33. Be4 {[%emt 0:00:08] aiming for Bf3.} gxh4 34. Bf3 (34. Rc1 $11) 34... Rg5 $15 35. Rc1 hxg3 36. fxg3 Rxg3 37. Kf2 {[%emt 0:00:24] Repels Rg1} Rg5 38. Rc8+ Kg7 39. Ra8 Rc5 40. Ra6 Rc2 {[%emt 0:00:00] [#] ...Ra2 would now be deadly.} 41. Bc6 Ra2 42. Bxa4 Rxa3 43. Bb5 Rxa6 44. Bxa6 $17 {[%emt 0:00:02] KB-KB} Kg6 45. Kg3 Kg5 46. e3 Bd5 47. Be2 h5 48. Bd1 h4+ 49. Kh2 Be6 50. Be2 Bg4 51. Bd3 Bf3 52. Kh3 Bg4+ 53. Kh2 $1 Bf5 54. Be2 Bg4 55. Bd3 Kf6 56. Bc4 Kg6 57. Bd3+ Kg5 58. Bc4 f5 (58... Kf6 $17) 59. Kg2 Kf6 60. Ba6 Ke5 61. Bb7 {[%emt 0:00:02] The position is equal.} Kd6 62. Bc8 Kd5 63. Kf2 Ke4 64. Bb7+ Kd3 65. Ba6+ Kd2 66. Bc8 h3 67. e4 h2 68. Kg2 Bf3+ 69. Kxh2 $1 fxe4 {[%emt 0:00:01] [#] ( -> ...e3)} 70. Bb7 $1 e3 71. Bxf3 e2 72. Bxe2 $1 Kxe2 {[%emt 0:00:00] Weighted Error Value: White=0.10 (very precise) /Black=0.12 (very precise) .  Mistake:       	White=3     	Black=3      Inaccurate:     	White=4     	Black=3      OK:         	White=28    	Black=23     Best:        	White=6     	Black=5      Strong:       	White=4     	Black=2} 1/2-1/2

[Event "Polish University-ch Teams 2024"]
[Site "Lublin"]
[Date "2024.02.25"]
[Round "6.3"]
[White "Choina, Adam"]
[Black "Molenda, Marcin"]
[Result "1/2-1/2"]
[ECO "B33"]
[WhiteElo "1900"]
[BlackElo "2377"]
[Annotator "TA"]
[PlyCount "70"]
[EventDate "2024.02.22"]
[EventType "team-tourn"]
[EventCountry "POL"]
[SourceTitle "playchess.com"]
[Source "ChessBase"]
[SourceQuality "1"]
[TimeControl "900+5"]

1. e4 c5 2. Nf3 Nc6 3. d4 cxd4 4. Nxd4 Nf6 5. Nc3 e5 6. Ndb5 d6 7. Bg5 a6 8. Na3 b5 9. Bxf6 gxf6 10. Nd5 f5 11. exf5 Bxf5 12. c3 Bg7 13. Nc2 O-O 14. Nce3 Be6 15. Bd3 f5 16. O-O Ne7 ({Black should play} 16... Ra7 $14) 17. Nxe7+ $18 Qxe7 {[%emt 0:00:02] [#]} 18. Bxf5 $1 Kh8 (18... Rad8 19. Nd5) 19. Qh5 {[%emt 0:03:34] White is clearly better.} Bg8 20. a4 Qf6 (20... Rad8 $16 {was worth a try.}) 21. Be4 Rab8 22. axb5 Rxb5 23. b4 (23. Rxa6 Rxb2 24. Nd5 Qe6) 23... d5 24. Bd3 d4 25. Bxb5 axb5 26. cxd4 exd4 27. Ng4 Qf4 28. h3 d3 29. Qxb5 {[%emt 0:03:13] Black must now prevent Ra7.} d2 {[%emt 0:00:12] [#]} 30. Qd7 $2 h5 31. g3 (31. Ra7 $2 Rf7 32. Nh2 Rxd7 33. Rxd7 Qxb4 $19 (33... Be6 $2 34. Rd8+ Kh7 35. Nf3 $19)) 31... Qf3 {[%emt 0:00:13] [#]} (31... Qf7 $14 32. Qxf7 (32. Qxd2 Bxa1 33. Rxa1 hxg4 $14) 32... Bxf7) 32. Nh2 $1 Qc3 (32... Qe2 33. Rad1 Bc3) 33. Rad1 $2 (33. Ra5 $18 Bh7 34. Rxh5) 33... Bd4 $11 {[%emt 0:00:01] This pair of bishops is nice. The position is equal.} 34. Qd6 Rf6 35. Qb8 {[%emt 0:00:13] Kg2 is the strong threat.} Kg7 {[%emt 0:00:50] Weighted Error Value: White=0.43/Black=0.60.  Missed win:     	White=1     	---        Mistake:       	White=1     	Black=3      OK:         	White=10    	Black=4      Best:        	---       	Black=1      Strong:       	White=1     	---} 1/2-1/2

[Event "Polish University-ch Teams 2024"]
[Site "Lublin"]
[Date "2024.02.25"]
[Round "6.4"]
[White "Chylewski, Patryk"]
[Black "Szczepanik, Tomasz"]
[Result "1-0"]
[ECO "C02"]
[WhiteElo "2285"]
[BlackElo "1720"]
[Annotator "TA"]
[PlyCount "41"]
[EventDate "2024.02.22"]
[EventType "team-tourn"]
[EventCountry "POL"]
[SourceTitle "playchess.com"]
[Source "ChessBase"]
[SourceQuality "1"]
[TimeControl "900+5"]

1. e4 e6 2. d4 d5 3. e5 c5 4. c3 Nc6 5. Nf3 Qb6 6. Na3 Bd7 7. Nc2 f6 8. exf6 gxf6 (8... Nxf6 $11 9. Be2 cxd4) 9. Be2 $14 O-O-O 10. O-O cxd4 11. cxd4 Bd6 12. Be3 (12. b4 $14) 12... Nge7 $11 13. a4 Nf5 14. a5 Qc7 {[%emt 0:02:10] [#]} (14... Qxb2 $2 {perishes.} 15. Qd3 $18) (14... Nxa5 $15 15. Bd2 Nb3) 15. b4 Nxe3 $1 16. fxe3 Nxb4 (16... Kb8 $11 {remains equal.}) 17. Nxb4 $16 Bxb4 18. a6 {[%emt 0:00:11][%cal Ba5a6,Ba6b7][%mdl 32] Threatens to win with Qb3.} Kb8 19. Qb3 Be7 (19... Qc3 $16 20. Rab1 Qxb3 21. Rxb3 Bd6) 20. axb7 {[%emt 0:00:01][%cal Oa1a7] Black must now prevent Rxa7!} e5 $2 {[%emt 0:00:15] [#]} (20... a5 21. Rfc1 a4 22. Rxc7 axb3) 21. Rxa7 $3 {[%emt 0:00:20][%mdl 512] Weighted Error Value: White=0.30/Black=0.54.  Loses game:     	---       	Black=1      Mistake:       	White=3     	Black=4      Inaccurate:     	White=1     	---        OK:         	White=4     	Black=4      Strong:       	---       	Black=1      Brilliant:      	White=1     	---} 1-0

[Event "Polish University-ch Teams 2024"]
[Site "Lublin"]
[Date "2024.02.25"]
[Round "6.5"]
[White "Jedrzejko, Martyna"]
[Black "Antolak, Julia"]
[Result "0-1"]
[ECO "B22"]
[WhiteElo "1711"]
[BlackElo "2309"]
[Annotator "TA"]
[PlyCount "58"]
[EventDate "2024.02.22"]
[EventType "team-tourn"]
[EventCountry "POL"]
[SourceTitle "playchess.com"]
[Source "ChessBase"]
[SourceQuality "1"]
[TimeControl "900+5"]

1. e4 c5 2. c3 d5 3. exd5 Qxd5 4. d4 Nc6 5. Nf3 Bf5 6. Be3 cxd4 7. Nxd4 Nf6 8. Nxf5 (8. Na3 {vereinfacht} Nxd4 9. Qxd4 Qxd4 10. Bxd4 e5 11. Bb5+) 8... Qxf5 {[%emt 0:00:01] Weiß hat minimalen Vorteil.} 9. Qb3 O-O-O 10. Nd2 (10. Qxf7 $2 Rd5 $19) 10... Ng4 11. Be2 e6 12. Bf3 Nxe3 13. fxe3 {[%emt 0:00:03] Weiss hat schwache schwarze Felder} Bc5 (13... Na5 $142 14. Qd1 (14. Qa4 Bc5 $15) 14... Bc5) 14. Nc4 $1 $11 {[%emt 0:01:24] [#] Droht stark 0-0.} Rd7 (14... Qg5 $1 $11 {bleibt in der Remisbreite.}) 15. O-O $36 {[%emt 0:00:13][%mdl 2048] Bxc6 ist eine echte Drohung. Weiss bestimmt, wo es lang geht.} Qg5 16. Rfe1 $2 (16. Bxc6 $16 bxc6 17. Kh1) 16... Rhd8 (16... Ne5 $15 17. Nxe5 Qxe5 (17... Bxe3+ $2 18. Kh1 $18)) 17. Bxc6 $14 bxc6 18. Qa4 Rc7 19. b4 (19. Rad1 {scheint wilder zu sein.} Be7 20. Rxd8+ Kxd8 21. Rd1+) 19... Be7 20. Qa6+ Kb8 (20... Kd7 $11) 21. Rab1 $2 {[%emt 0:01:14][%mdl 8192] Davon erholt Weiß sich nicht mehr.} (21. a4 $1 $14 {nötig, um obenauf zu bleiben.}) 21... Qb5 $19 22. Qxb5+ cxb5 23. Ne5 f6 (23... Rxc3 24. Rbc1 Bxb4 25. Rxc3 Bxc3 26. Nc6+ Kc7 27. Nxd8 Bxe1 28. Nxf7 $19) (23... Bf6 24. Nf3 $19) 24. Nf3 Rxc3 25. Nd4 {[%emt 0:00:06] [#]} e5 $1 26. Nxb5 Rc2 {[%emt 0:00:02][%cal Od8d2] Weiss muss nun ...Rdd2! beachten.} 27. Rbc1 (27. Rec1 {war nötig.} Rdd2 (27... Rxa2 28. Rc7 $17) 28. Rxc2 Rxc2 29. Rd1 Rxa2 (29... Bxb4 30. Rb1 $16) 30. Rd7 Bxb4 31. h4) 27... Rdd2 ({Keinesfalls} 27... Bxb4 28. Rxc2 Bxe1 29. Kf1 $17) 28. Rxc2 Rxc2 29. a3 $2 (29. Rd1 {war einen Versuch wert.}) 29... a6 {[%emt 0:00:01] Gewichteter Fehlerwert: Weiß=0.46/Schwarz=0.20 (präzise) .  Verlustzug:     	Weiß=1     	---        Fehler:       	Weiß=3     	Schwarz=4     Ungenau:       	Weiß=2     	---        OK:         	Weiß=9     	Schwarz=8     Bester:       	Weiß=2     	Schwarz=3     Stark:        	Weiß=1     	---} 0-1

[Event "Polish University-ch Teams 2024"]
[Site "Lublin"]
[Date "2024.02.25"]
[Round "6.6"]
[White "Kubicka, Anna"]
[Black "Zarebska, Lena"]
[Result "1-0"]
[ECO "C66"]
[WhiteElo "2278"]
[BlackElo "1871"]
[Annotator "TA"]
[PlyCount "61"]
[EventDate "2024.02.22"]
[EventType "team-tourn"]
[EventCountry "POL"]
[SourceTitle "playchess.com"]
[Source "ChessBase"]
[SourceQuality "1"]
[TimeControl "900+5"]

1. e4 e5 2. Nf3 Nc6 3. Nc3 Nf6 4. Bb5 d6 5. d4 exd4 6. Nxd4 Bd7 7. O-O Be7 8. Nxc6 bxc6 9. Bd3 O-O 10. f4 Qb8 11. Kh1 Qb6 12. Rb1 Ng4 ({Vorzuziehen ist} 12... Qc5 $14) 13. Qf3 $16 Bh4 14. g3 Be7 15. h3 Nf6 16. Be3 Qa5 {[%emt 0:00:01] [#]} (16... c5 {kämpft weiter.} 17. g4 Bc6) 17. g4 $1 $18 {[%emt 0:00:16] b4 wäre nun fies.} d5 (17... Rab8 $142 18. g5 Ne8) 18. e5 Ne4 19. Nxe4 (19. b4 $142 Qa3 20. Nxe4 (20. Rb3 Qxb3 21. axb3 Nxc3 $18) 20... dxe4 21. Qxe4) 19... dxe4 20. Qxe4 g6 (20... Qd5 $142 21. Rbd1 (21. f5 Rfb8 $18) 21... Rfd8) 21. f5 Rfe8 $2 (21... Qd5 22. Rbd1 Bh4) 22. fxg6 hxg6 23. Rxf7 Bf5 24. gxf5 {[%emt 0:00:54] [#] Weiss droht Bc4 und Matt.} Kxf7 {[%emt 0:00:02][%cal Bg8f7,Bf7g7,Bg7f6,Bf6g5,Bg5h5,Bh5h4][%mdl 32] Schwarz ist schwach auf den weissen Feldern} 25. Bc4+ {[%emt 0:00:30] Ein starkes Läuferpaar. Weiß setzt Matt.} Kg7 26. f6+ Bxf6 27. exf6+ Kxf6 28. Bd4+ Kg5 29. Rg1+ Kh5 30. Qxg6+ Kh4 31. Bf2+ {[%emt 0:00:04] Schwarz wurde aus der Eröffnung heraus überspielt.   Gewichteter Fehlerwert: Weiß=0.36/Schwarz=0.95.  Fehler:       	Weiß=1     	Schwarz=5     Ungenau:       	Weiß=1     	Schwarz=3     OK:         	Weiß=3     	Schwarz=1     Bester:       	Weiß=1     	---        Stark:        	Weiß=1     	---} 1-0

[Event "Polish University-ch Teams 2024"]
[Site "Lublin"]
[Date "2024.02.25"]
[Round "6.7"]
[White "Baum, Jonasz"]
[Black "Wikar, Martyna"]
[Result "1-0"]
[ECO "E11"]
[WhiteElo "2400"]
[BlackElo "2214"]
[Annotator "TA"]
[PlyCount "79"]
[EventDate "2024.02.22"]
[EventType "team-tourn"]
[EventCountry "POL"]
[SourceTitle "playchess.com"]
[Source "ChessBase"]
[SourceQuality "1"]
[TimeControl "900+5"]

1. d4 Nf6 2. c4 e6 3. Nf3 Bb4+ 4. Nbd2 O-O 5. a3 Bxd2+ 6. Bxd2 Ne4 7. Bf4 d5 (7... b6 $11) 8. e3 Nd7 9. Rc1 Ndf6 ({Black should play} 9... c5 $14) 10. Bd3 $16 c6 11. O-O (11. Qc2 {looks sharper.} Qa5+ 12. Ke2 Nh5 13. Bg3) 11... dxc4 12. Rxc4 Re8 (12... Nd6 $16) 13. h3 Qd5 (13... Nd6 $16) 14. Ne5 {[%emt 0:01:21] [#] f3 is the strong threat.} Qd8 15. Qc2 Nd6 16. Rc5 h6 17. Rc1 {[%emt 0:00:29] White has more active pieces.} Qe7 18. Bh2 Nd7 19. Nxd7 Bxd7 {[%emt 0:00:01] Black is weak on the dark squares} 20. Qb3 b6 21. R5c3 Rac8 (21... Red8 $16 {is a better defense.} 22. a4 Nb7) 22. Bb1 {[%emt 0:00:15] A strong pair of Bishops.} (22. Qb4 $18 Nf5 23. Ba6) 22... Nb7 (22... Nb5 $142) 23. Qa4 a5 24. Qc2 g6 25. Qe4 Red8 (25... b5 $16 26. Be5 b4) 26. Be5 $40 {[%emt 0:00:21][%mdl 128] White has strong attack.} Be8 (26... Rf8 {was necessary.} 27. h4 Be8) 27. Qf4 Qg5 28. Qh2 {[%emt 0:01:01] Black must now prevent h4.} c5 (28... Qe7 $142 29. Qf4 Qg5) 29. h4 Qe7 30. Qf4 {[%emt 0:00:02] Wards off f6} f5 $2 (30... Rd5 31. Rb3 (31. Qxh6 f6 $18) 31... b5) 31. Qxh6 Qh7 32. Qg5 Bc6 33. b4 axb4 34. axb4 Bd5 35. bxc5 bxc5 36. dxc5 Rc6 (36... Rf8 $142 37. e4 fxe4) 37. Bd3 Rdc8 38. Bb5 Rxc5 39. Rxc5 Nxc5 {[%emt 0:00:08] [#]} 40. Rxc5 $1 {[%emt 0:00:06][%mdl 512] Weighted Error Value: White=0.61/Black=0.69.  Mistake:       	White=1     	Black=9      Inaccurate:     	White=2     	Black=3      OK:         	White=12    	Black=7      Best:        	---       	Black=1} 1-0

[Event "Polish University-ch Teams 2024"]
[Site "Lublin"]
[Date "2024.02.25"]
[Round "6.8"]
[White "Garbowski, Jakub"]
[Black "Szustakowski, Antoni"]
[Result "0-1"]
[ECO "C01"]
[WhiteElo "2119"]
[BlackElo "2354"]
[Annotator "TA"]
[PlyCount "94"]
[EventDate "2024.02.22"]
[EventType "team-tourn"]
[EventCountry "POL"]
[SourceTitle "playchess.com"]
[Source "ChessBase"]
[SourceQuality "1"]
[TimeControl "900+5"]

1. e4 e6 2. d4 d5 3. Bd3 dxe4 4. Bxe4 Nf6 5. Bf3 c5 6. Ne2 Nc6 7. c3 cxd4 8. cxd4 Be7 9. Nbc3 O-O 10. O-O Qb6 {[%emt 0:01:58] The position is equal.} 11. Rb1 Rd8 12. Be3 Qa5 13. Qb3 Qb4 (13... Qa6 $11) 14. Qxb4 Nxb4 15. Rfd1 Nbd5 16. Nf4 Nxe3 17. fxe3 Rb8 18. Rbc1 Bd7 19. Nd3 Be8 20. Ne5 Bd6 21. Nc4 Bc7 22. a4 a6 23. a5 Bb5 24. Nxb5 axb5 25. Nb6 Bxb6 26. axb6 Rd6 27. Rc7 Rxb6 28. Rdc1 {[%emt 0:00:01] [#] Rc8+ would now be deadly.} Kf8 29. Rc8+ Rxc8 30. Rxc8+ $11 {[%emt 0:00:01][%mdl 4096] Endgame. KRB-KRN} Ke7 31. Rc7+ Nd7 32. Rxb7 Rxb7 33. Bxb7 {[%emt 0:00:01] KB-KN} b4 34. b3 Kd6 35. Kf2 e5 36. Ke2 Nb6 37. Kd3 f5 38. e4 f4 39. h4 g6 40. Ba6 $1 h6 {[%emt 0:00:01] Threatening ...g5.} 41. Bc4 $2 (41. Bb5 $1 $11) 41... g5 42. h5 $2 {[%emt 0:00:08] [#] This move loses the game for White.} (42. hxg5 $17 hxg5 43. dxe5+ Kxe5 44. Bb5) 42... Nd7 (42... Nxc4 $142 43. bxc4 exd4 44. Kxd4 g4 45. e5+ Ke6 46. Ke4 f3 (46... b3 {gets mated.} 47. Kd3 f3 48. gxf3 gxf3 49. c5 b2 50. Kc2 f2 51. Kb1 f1=Q+ 52. Kxb2 Qc4 53. c6 Kxe5 54. c7 Kd4 55. c8=B Qxc8 56. Kb3 Qc3+ 57. Ka2 Qb4 58. Ka1 Kc3 59. Ka2 Qb2#) 47. gxf3 gxf3 48. Kxf3 b3 (48... Kxe5 49. Ke3 $11) 49. Kf4 b2 50. c5 b1=Q (50... b1=B $2 51. c6 $19) 51. c6 Qc1+ 52. Ke4 Qxc6+ 53. Ke3 Qc3+ (53... Kxe5 54. Kd3 Qc5 55. Ke2 Qc3 56. Kf2 Kf4 57. Kf1 Kf3 58. Kg1 Qg7+ 59. Kh2 Qg2#) 54. Ke4 Qd2 (54... Qxe5+ 55. Kd3 Kd5 56. Kc2 Kc4 57. Kd2 Qe7 58. Kc1 Qe2 59. Kb1 Kc3 60. Kc1 Qf1#) (54... Qe1+ 55. Kd4 Qb4+ 56. Kd3 Kxe5 57. Ke2 Qe4+ 58. Kd2 Kd4 59. Kc1 Kc3 60. Kd1 Qe8 61. Kc1 Qe1#) 55. Kf3 Kxe5 56. Kg3 Ke4 57. Kh4 Kf3 58. Kh3 Qg2+ 59. Kh4 Qh2#) 43. Bf7 Nf6 44. Bg6 g4 {[%emt 0:00:03] Hoping for ...g3.} 45. Bf5 g3 ({Inferior is} 45... Nxh5 46. Bxg4 Ng3 47. Kc4 $11) 46. dxe5+ Kxe5 {[%emt 0:00:01] ( -> ...f3)} 47. Ke2 Nxe4 {[%emt 0:00:04] Weighted Error Value: White=0.77/Black=0.33.  Loses game:     	White=2     	---        Mistake:       	---       	Black=2      Inaccurate:     	White=2     	Black=1      OK:         	White=11    	Black=18     Best:        	---       	Black=1      Strong:       	White=1     	---} 0-1

[Event "Polish University-ch Teams 2024"]
[Site "Lublin"]
[Date "2024.02.25"]
[Round "6.9"]
[White "Koziorowicz, Michal"]
[Black "Walaszczyk, Aleksander"]
[Result "1-0"]
[ECO "B12"]
[WhiteElo "2324"]
[BlackElo "1782"]
[Annotator "TA"]
[PlyCount "101"]
[EventDate "2024.02.22"]
[EventType "team-tourn"]
[EventCountry "POL"]
[SourceTitle "playchess.com"]
[Source "ChessBase"]
[SourceQuality "1"]
[TimeControl "900+5"]

1. e4 c6 2. d4 d5 3. e5 c5 4. dxc5 e6 5. a3 Bxc5 6. b4 Be7 7. Nf3 a5 8. b5 {[%emt 0:00:21] The position is equal.} Nd7 9. Nbd2 Nb6 (9... Nh6 $11) 10. Bd3 $14 Nh6 11. Nb3 ({White should play} 11. a4 $16) 11... Nf5 (11... a4 $11) 12. O-O ({Better is} 12. a4 $1 $14) 12... a4 $11 13. Nbd4 O-O 14. Re1 Nc4 15. Nxf5 exf5 16. Nd4 g6 17. Qf3 Qb6 18. c3 Be6 19. Bxc4 dxc4 20. Be3 {[%emt 0:00:13][%cal Od4f5] Strongly threatening Nxf5!} Qc7 {[%emt 0:02:08] [#]} 21. b6 $1 $36 {[%emt 0:00:43][%mdl 2048] White fights for an advantage.} Qc8 (21... Qxb6 22. Nxf5 Qd8 23. Red1 Bxf5 24. Rxd8 Rfxd8 25. Qxb7 Bxa3 26. h3 $11 (26. e6 Bxe6 27. Bd4 Bd6 $11)) (21... Qb8 22. Nxe6) 22. Nb5 {[%emt 0:00:17] Black is weak on the dark squares} Qc6 {[%emt 0:00:33] Prevents Nd6} (22... Rd8 $14) 23. Qxc6 $16 bxc6 24. Nd6 {[%emt 0:00:27] And now b7 would win.} Ra5 25. Bd4 ({But not} 25. b7 $6 Rb8 $14) (25. f4 $16) 25... c5 (25... Rb8 $14) 26. Be3 Rb8 27. Rab1 {[%emt 0:00:04] White has more active pieces.} Bd5 (27... f4 $16 {was called for.} 28. Bxf4 Ra6) 28. Bf4 $2 (28. b7 $18) 28... Bd8 $2 {[%emt 0:00:01][%mdl 8192] [#]} (28... Be6 $1 $14) 29. e6 $1 $18 fxe6 {[%emt 0:00:04] [#]} 30. Nxc4 Raa8 31. Bxb8 Rxb8 32. Ne5 {[%emt 0:00:04] Hoping for c4.} Bb3 (32... Rxb6 33. Rxb6 (33. c4 Rxb1 34. Rxb1 Bc7 $18) 33... Bxb6) 33. Nd7 Rb7 34. Nxc5 Rxb6 35. Re2 Rc6 36. Nxb3 axb3 37. Rxb3 {[%emt 0:00:01][%mdl 4096] Endgame. KRR-KRB} Bf6 38. Rc2 Rd6 39. Rb1 {[%emt 0:00:03] Repels Rd1+. White is clearly winning.} Rd3 40. Kf1 Rxc3 41. Rxc3 Bxc3 {[%emt 0:00:01] KR-KB} 42. Rb7 h5 43. Ke2 e5 44. Kd3 Bd4 45. f3 Kf8 46. Kc4 Bg1 47. h3 {[%emt 0:00:02] a4 is the strong threat.} e4 48. fxe4 {[%emt 0:00:02] Intending a4 and mate.} fxe4 49. a4 {[%emt 0:00:02][%cal Ba3a4,Ba4a5][%mdl 32] White threatens a5 and mate.} Ke8 50. a5 {[%emt 0:00:05] Threatening mate with a6.} e3 51. Kd3 {[%emt 0:00:02] Weighted Error Value: White=0.39/Black=0.61.  Loses game:     	---       	Black=1      Missed win:     	White=1     	---        Mistake:       	White=3     	Black=6      Inaccurate:     	White=1     	Black=5      OK:         	White=16    	Black=7      Best:        	White=2     	Black=1} 1-0